AoeStats
← Giantazio

Arena

506941514Analyzed
4v4 RM · 17d ago on Sep 15, 2026· 53m 19s· 8 players
Game mode
Random Map
Map size
Large (8 player)
Population
200
Speed
Normal
Resources
Standard
Victory
Conquest
Starting age
Dark Age
Ending age
Imperial Age
RankedLock teamsTeams togetherTeam positionsShared explorationLock speedFull tech treeHidden civsTurbo modeCheats
Victory
Defeat
🇮🇹 Bohemians · Italy
984
+14
🇮🇹 Bulgarians · Italy
970
+15
🇮🇹 Mongols · Italy
956
+16
🇮🇹 Saracens · Italy
940
+16
🇫🇷 Franks · France
1074
-19
🇦🇷 Khitans · Argentina
954
-16
🇫🇷 Turks · France
885
-13
🇧🇪 Italians · Belgium
883
-13
EnKAa26
7:55 Loom
11:28 Feudal Age
12:13 Double-Bit Axe
17:10 Castle Age
19:25 Horse Collar
33:37 Wheelbarrow
41:22 Heavy Plow
42:33 Gold Mining
46:24 Fletching
46:35 Padded Archer Armor
50:53 Bodkin Arrow
52:04 Ballistics
51:53 Town Watch
52:45 Leather Archer Armor
53:05 Ballistics
53:36 Hand Cart
Sassomu
6:46 Loom
10:30 Feudal Age
15:00 Castle Age
14:11 Double-Bit Axe
17:31 Wheelbarrow
21:45 Gold Mining
22:23 Bow Saw
24:50 Forging
26:49 Gold Shaft Mining
26:24 Scale Barding Armor
28:10 Iron Casting
27:57 Chain Barding Armor
28:01 Stone Mining
30:11 Hand Cart
33:50 Imperial Age
32:36 Fletching
32:47 Padded Archer Armor
32:09 Elite Skirmisher
33:24 Masonry
33:25 Fortified Wall
33:45 Bodkin Arrow
34:14 Ballistics
33:56 Cavalier
34:40 Husbandry
35:50 Blast Furnace
35:26 Plate Barding Armor
35:07 Leather Archer Armor
37:19 Architecture
38:17 Paladin
48:31 Murder Holes
49:07 Architecture
50:03 Scale Mail Armor
50:27 Pikeman
51:10 Squires
50:59 Gambesons
51:49 Halberdier
52:49 Chain Mail Armor
Soldat_Ultime0
10:58 Feudal Age
15:36 Castle Age
14:00 Double-Bit Axe
14:04 Horse Collar
18:00 Bow Saw
18:52 Gold Mining
24:49 Imperial Age
22:56 Heavy Plow
23:36 Fletching
24:11 Loom
27:24 Bodkin Arrow
28:12 Thumb Ring
32:36 Stone Mining
34:07 Two-Man Saw
33:40 Scale Barding Armor
35:44 Forging
36:43 Wheelbarrow
36:26 Heavy Camel Rider
43:16 Artillery
44:05 Fortified Wall
44:16 Ballistics
43:54 Murder Holes
43:41 Treadmill Crane
45:33 Chain Barding Armor
47:47 Husbandry
47:57 Bloodlines
47:49 Guard Tower
49:46 Keep
50:04 Plate Barding Armor
51:04 Bombard Tower
Moscato
3:21 Loom
11:29 Feudal Age
17:44 Castle Age
16:27 Double-Bit Axe
17:35 Domestication
22:48 Pastoralism
30:24 Wheelbarrow
30:29 Forging
30:39 Scale Barding Armor
30:22 Town Watch
32:23 Lamellar Armor
34:59 Imperial Age
32:54 Chain Barding Armor
33:05 Devotion
34:09 Iron Casting
33:31 Gold Mining
33:41 Stone Mining
35:01 Elite Steppe Lancer
35:50 Ordo Cavalry
37:32 Plate Barding Armor
Bipaccio
10:14 Feudal Age
15:01 Castle Age
13:18 Double-Bit Axe
18:06 Horse Collar
21:19 Bow Saw
21:08 Gold Mining
24:58 Loom
25:49 Wheelbarrow
26:20 Heavy Plow
28:53 Imperial Age
26:52 Town Watch
29:24 Bloodlines
29:20 Scale Barding Armor
29:26 Forging
30:31 Stone Mining
30:47 Husbandry
31:18 Hand Cart
31:21 Fletching
33:05 Ballistics
33:15 Bodkin Arrow
34:09 Gold Shaft Mining
35:01 Conscription
35:45 Bracer
36:51 Caravan
37:49 Stone Shaft Mining
37:19 Padded Archer Armor
37:40 Chain Barding Armor
39:16 Chemistry
42:37 Iron Casting
42:18 Leather Archer Armor
44:05 Elite Steppe Lancer
48:37 Blast Furnace
48:06 Drill
53:13 Murder Holes
53:09 Guard Tower
Giantazio
5:21 Loom
11:44 Feudal Age
15:25 Castle Age
13:21 Double-Bit Axe
14:11 Horse Collar
15:53 Forging
16:13 Squires
19:16 Scale Mail Armor
21:43 Wheelbarrow
22:31 Iron Casting
23:40 Hand Cart
23:44 Chain Mail Armor
24:56 Gold Mining
27:14 Gold Shaft Mining
26:20 Pikeman
26:58 Stone Mining
27:17 Heavy Plow
32:30 Stone Shaft Mining
34:33 Imperial Age
32:12 Town Watch
36:14 Blast Furnace
35:45 Plate Mail Armor
34:43 Halberdier
36:12 Crop Rotation
35:55 Bow Saw
35:58 Scale Barding Armor
37:48 Conscription
41:00 Elite Konnik
41:41 Stirrups
42:09 Chain Barding Armor
43:16 Plate Barding Armor
fiordy90
10:58 Feudal Age
16:07 Castle Age
15:05 Stone Mining
16:37 Double-Bit Axe
16:33 Horse Collar
17:46 Heavy Plow
23:52 Wheelbarrow
25:34 Hand Cart
25:05 Town Watch
27:54 Husbandry
29:11 Scale Barding Armor
29:17 Forging
31:12 Gold Mining
34:26 Iron Casting
34:29 Chain Barding Armor
37:02 Bloodlines
36:13 Light Cavalry
39:41 Imperial Age
39:10 Gold Shaft Mining
41:00 Plate Barding Armor
41:26 Blast Furnace
40:27 Scale Mail Armor
40:58 Hussar
47:56 Capped Ram
49:17 Siege Ram
52:07 Chemistry
51:27 Ballistics
51:18 Fortified Wall
50:50 Treadmill Crane
51:19 Caravan
Mosto990
10:35 Feudal Age
12:01 Double-Bit Axe
14:44 Castle Age
15:36 Horse Collar
28:17 Imperial Age
26:05 Fletching
26:17 Padded Archer Armor
27:19 Wheelbarrow
26:57 Heavy Plow
27:56 Ballistics
28:37 Chemistry
27:31 Elite Skirmisher
28:11 Bodkin Arrow
29:05 Masonry
29:35 Conscription
30:57 Bracer
31:18 Leather Archer Armor
31:40 Squires
31:00 Pikeman
34:30 Wagenburg Tactics
35:19 Ring Archer Armor
35:00 Forging
34:53 Scale Mail Armor
36:10 Hand Cart
35:42 Loom
36:59 Fervor
37:14 Sanctity
37:09 Arson
38:36 Iron Casting
38:22 Chain Mail Armor
38:46 Halberdier
40:11 Elite Hussite Wagon
41:52 Houfnice
42:49 Town Watch
43:33 Town Patrol
Connection lost

Rejoining the realm…

Still unreachable

The connection could not be restored.

Session expired

The server has moved on; the page needs a fresh start.